 Dungeon Crawl Stone Soup version 0.22-a0-433-gd2a9cce (webtiles) character file.

44 Kairos the Chopper (level 3, 33/33 HPs)
             Began as a Hill Orc Monk on May 28, 2018.
             Quit the game on level 2 of the Dungeon.
             The game lasted 00:01:17 (1213 turns).

Kairos the Chopper (Hill Orc Monk)                  Turns: 1213, Time: 00:01:17

Health: 33/33      AC:  2    Str: 14    XL:     3   Next: 60%
Magic:  12/12      EV: 13    Int: 10    God:
Gold:   64         SH:  0    Dex: 13    Spells: 2/2 levels left

rFire    . . .     SeeInvis .   a - +0 hand axe
rCold    . . .     Gourm    .   (no shield)
rNeg     . . .     Faith    .   b - +0 robe
rPois    .         Spirit   .   (no helmet)
rElec    .         Reflect  .   (no cloak)
rCorr    .         Harm     .   (no gloves)
MR       .....                  (no boots)
Stlth    ++........             (no amulet)
HPRegen  0.11/turn              i - ring of magical power
MPRegen  0.13/turn              (no ring)

@: no status effects
A: no striking features
a: no special abilities


You were on level 2 of the Dungeon.
You were hungry.

You visited 1 branch of the dungeon, and saw 2 of its levels.

You collected 64 gold pieces.

Inventory:

Hand Weapons
 a - a +0 hand axe (weapon)
Armour
 b - a +0 robe (worn)
Jewellery
 i - a ring of magical power (left hand)
Scrolls
 e - 2 scrolls of remove curse {unknown}
 f - 2 scrolls of identify {unknown}
 h - a scroll of magic mapping {unknown}
Potions
 d - 2 potions of curing {unknown}
 g - a potion of heal wounds {unknown}
 j - a potion of lignification {unknown}
Comestibles
 c - 2 rations


   Skills:
 + Level 4.2 Fighting
 + Level 4.7 Axes
 + Level 2.7 Dodging
 + Level 1.9 Stealth


You had 2 spell levels left.
You didn't know any spells.
Your spell library was empty.

Dungeon Overview and Level Annotations

Branches:
Dungeon (2/15)

Altars:


Message History

No target in view!
No target in view!
HP restored.
A rat comes into view.
A rat is nearby!
A rat is nearby!
You hit the rat.
You kill the rat!
No target in view!
No target in view!
No target in view!
No target in view!
No target in view!
No target in view!
No target in view!
No target in view!
No target in view! 2 jackals come into view.
Found 10 gold pieces.
Are you sure you want to abandon this character and quit the game? (Confirm with "yes".)

######## ####......##
#..........###
♣.♣...........
♣.♣.........#
♣.♣.........#$
♣.♣..........♣
♣.♣...@.....P♣
##♣.♣........PP♣ ######
#............P♣♣ .....#
#.##..........♣
.....####..#........P♣Ph
......................♣.
♣♣.♣♣#######........P.Ph
♣..♣♣ #..........P.
♣...♣#######.#......#


You could see 2 jackals.

Vanquished Creatures
  An adder (D:2)
  3 leopard geckos
  A giant cockroach (D:1)
  A goblin (D:1)
  4 hobgoblins
  6 bats (D:1)
  4 frilled lizards (D:1)
  9 kobolds
  3 rats
32 creatures vanquished.

Notes
Turn   | Place    | Note
-------+----------+-------------------------------------------
     0 | D:1      | Kairos the Hill Orc Monk began the quest for the Orb.
     0 | D:1      | Reached XP level 1. HP: 19/19 MP: 1/1
   129 | D:1      | Reached XP level 2. HP: 27/27 MP: 2/2
   689 | D:1      | Reached XP level 3. HP: 25/33 MP: 3/3
  1213 | D:2      | Quit the game

Vault maps used:
D:1:      dpeg_arrival_rooms_with_view, hangedman_decor_growths,
          minmay_misc_feat_chi, grunt_decor_clamped,
          minmay_misc_feat_secret_circle, minmay_crystal_water,
          serial_bayou_lagoon_a, st_stairs_6
D:2:      lemuel_coloured_pillars_altar, tso_oasis_becter, serial_forest,
          infiniplex_forest_clump_long, infiniplex_forest_straight_2,
          infiniplex_forest_clump_curved, infiniplex_forest_straight_4,
          infiniplex_forest_end_1, infiniplex_forest_straight_1,
          infiniplex_forest_end_3

Skill      XL: |  1  2 |
---------------+-------+-----
Fighting       | 4 |  4.2
Axes           | |  4.7
Dodging        | |  2.7
Stealth        | |  1.9

Action                   || total
-------------------------++-------
Melee: Hand axe          ||    68
 Stab: Sleeping          ||     3
       Distracted        ||     2
Armor: Robe              ||    12
Dodge: Dodged            ||    53

Table legend:
 A = Spawn XP
 B = Non-spawn XP
 C = Spawn XP percentage of total XP
 D = Spawn monster count
 E = Non-spawn monster count
 F = Spawn count percentage of total count
 G = Total turns spent on level
                    A         B        C        D         E        F      G
               +---------+---------+-------+---------+---------+-------+---------
         Total |       0 |      63 |   0.0 |       0 |      32 |   0.0 |  1213
               +---------+---------+-------+---------+---------+-------+---------
           D:1 |       0 |      41 |   0.0 |       0 |      26 |   0.0 |  1053
           D:2 |       0 |      22 |   0.0 |       0 |       6 |   0.0 |   160
               +---------+---------+-------+---------+---------+-------+---------
